 Dungeon Crawl Stone Soup version 0.28.0-53-g5a82cb258f (webtiles) character file.

Game seed: 16134468458922919872

111332 fictitious the Severer (level 16, -6/143 HPs)
             Began as a Hill Orc Fighter on June 8, 2022.
             Was the Champion of Okawaru.
             Mangled by a hornet (15 damage)
             ... while paralysed by a hornet
             ... on level 4 of the Swamp.
             The game lasted 01:52:13 (29918 turns).

fictitious the Severer (Hill Orc Fighter)          Turns: 29918, Time: 01:52:13

Health: -6/143     AC: 40    Str: 30    XL:     16   Next: 57%
Magic:  28/28      EV:  2    Int:  8    God:    Okawaru [******]
Gold:   1097       SH:  0    Dex: 12    Spells: 15/15 levels left

rFire   . . .      SeeInvis .   a - +8 war axe of Kindness {freeze, rC+}
rCold   + . .      Faith    .   c - +0 buckler
rNeg    . . .      Spirit   .   v - +8 plate armour "Joczag" {god gift, Str+5}
rPois   .          Reflect  .   O - +2 helmet
rElec   .          Harm     .   L - +2 cloak {Will+}
rCorr   .          Rampage  +   j - +1 pair of gloves
Will    ++...                   W - +2 pair of boots {rampage}
Stlth   ..........              V - amulet of the acrobat
HPRegen 0.33/turn               X - ring of flight
MPRegen 0.21/turn               Z - +4 ring of protection

@: paralysed, lethally poisoned (-6 -> -10), flying
A: no striking features
a: Renounce Religion, Heroism, Finesse, Duel


You were on level 4 of the Swamp.
You worshipped Okawaru.
Okawaru was exalted by your worship.
You visited 5 branches of the dungeon, and saw 25 of its levels.
You also visited: Ice Cave.

You collected 2617 gold pieces.
You spent 1520 gold pieces at shops.

Inventory:

Hand Weapons
 a - the +8 war axe of Kindness (weapon) {freeze, rC+}
   (You bought it in a shop on level 5 of the Dungeon)

   It freezes those it strikes, dealing additional cold damage.
   It can also slow down cold-blooded creatures.
   rC:        It protects you from cold.
 b - the +8 trident of the Octopus King {venom, rElec rPois, hydra plan}
   (You found it on level 1 of the Lair of Beasts)

   It poisons the flesh of those it strikes.
   rElec:     It insulates you from electricity.
   rPois:     It protects you from poison.
 m - the +7 executioner's axe "Cetecre" {god gift, speed, +Blink Int+3}
   (Okawaru gifted it to you on level 5 of the Lair of Beasts)

   Attacks with this weapon are significantly faster.
   Int:       It affects your intelligence (+3).
   +Blink:    It lets you blink.
 Q - a +0 broad axe
Missiles
 g - 11 javelins
 i - 2 silver javelins {god gift}
 t - 9 boomerangs (quivered)
 w - 3 boomerangs of dispersal
 F - 2 throwing nets
 R - a silver boomerang
Armour
 c - a +0 buckler (worn)
 j - a +1 pair of gloves (worn)
 o - a +0 chain mail of poison resistance
 v - the +8 plate armour "Joczag" (worn) {god gift, Str+5}
   (Okawaru gifted it to you on level 6 of the Lair of Beasts)

   Str:       It affects your strength (+5).
 L - a +2 cloak of willpower (worn)
 O - a +2 helmet (worn)
 T - a +4 plate armour of willpower
 W - a +2 pair of boots of rampaging (worn)
Jewellery
 C - the ring of Niemaeden {*Slow rF+ rC+ Int+2 Dex+6}
   (You bought it in a shop on level 5 of the Dungeon)

   [ring of dexterity]

   Int:       It affects your intelligence (+2).
   Dex:       It affects your dexterity (+6).
   rF:        It protects you from fire.
   rC:        It protects you from cold.
   *Slow:     It may slow you when you take damage.
 E - a +4 ring of protection
 K - a ring of resist corrosion
 P - a ring of willpower
 V - an amulet of the acrobat (around neck)
 X - a ring of flight (left hand)
 Y - a ring of see invisible
 Z - a +4 ring of protection (right hand)
Wands
 n - a wand of mindburst (4)
 B - a wand of iceblast (13)
 I - a wand of digging (3)
 M - a wand of polymorph (2)
Scrolls
 d - 4 scrolls of enchant weapon
 h - 6 scrolls of blinking {!r}
 l - 6 scrolls of teleportation
 p - 4 scrolls of magic mapping
 r - 2 scrolls of identify
 s - a scroll of silence
 u - 5 scrolls of fog
 x - 4 scrolls of fear
 y - a scroll of summoning
Potions
 f - a potion of heal wounds
 k - 4 potions of cancellation
 q - 10 potions of curing
 z - 3 potions of haste {!q}
 A - a potion of mutation {!q}
 D - 5 potions of might
 G - 2 potions of berserk rage
 H - 4 potions of invisibility
 J - 2 potions of resistance
 N - 9 potions of ambrosia
Miscellaneous
 S - a phial of floods
 U - a condenser vane


   Skills:
 + Level 13.0 Fighting
 - Level 18.0 Axes
 + Level 8.8 Throwing
 - Level 12.0 Armour
 * Level 7.7 Dodging
 - Level 9.1 Shields
 - Level 16.0 Invocations
 + Level 9.6 Evocations


You had 15 spell levels left.
You didn't know any spells.
Your spell library contained the following spells:

 Spells                   Type           Power      Damage    Failure   Level
 Corpse Rot               Necr/Air       0%         N/A       99%         2
 Poisonous Vapours        Pois/Air       0%         N/A       99%         2
 Dazzling Flash           Conj/Hex       0%         N/A       100%        3
 Frozen Ramparts          Ice            0%         1d2       100%        3
 Airstrike                Air            0%         N/A       100%        4
 Cause Fear               Hex            0%         N/A       100%        4
 Hailstorm                Conj/Ice       0%         3d3       100%        4
 Ice Form                 Ice/Tmut       0%         N/A       100%        4
 Iskenderun's Mystic Bla  Conj/Tloc      0%         2d3       100%        4
 Petrify                  Tmut/Erth      0%         N/A       100%        4
 Blade Hands              Tmut           0%         N/A       100%        5
 Irradiate                Conj/Tmut      0%         3d14      100%        5
 Lightning Bolt           Conj/Air       0%         1d11      100%        5
 Metabolic Englaciation   Hex/Ice        0%         N/A       100%        5
 Conjure Ball Lightning   Conj/Air       0%         3x3d6     100%        6
 Iron Shot                Conj/Erth      0%         9d1       100%        6
 Starburst                Conj/Fire      0%         6d3       100%        6
 Statue Form              Tmut/Erth      0%         N/A       100%        6
 Dragon Form              Tmut           0%         N/A       100%        7
 Discord                  Hex            0%         N/A       100%        8
 Disjunction              Tloc           0%         N/A       100%        8
 Chain Lightning          Conj/Air       0%         N/A       100%        9
 Fire Storm               Conj/Fire      0%         5d1       100%        9
 Shatter                  Erth           0%         3d5*      100%        9
 Animate Armour           Summ/Erth      Unusable   N/A       N/A         4
 Summon Ice Beast         Ice/Summ       Unusable   N/A       N/A         4
 Summon Lightning Spire   Summ/Air       Unusable   N/A       N/A         4
 Simulacrum               Ice/Necr       Unusable   N/A       N/A         6
 Dragon's Call            Summ           Unusable   N/A       N/A         9

Dungeon Overview and Level Annotations

Branches:
Dungeon (12/15)            Temple (1/1) D:6            Lair (6/6) D:9
  Swamp (4/4) Lair:2        Snake (0/4) Lair:2        Slime (0/5) Lair:6
    Orc (2/2) D:11            Elf (0/3) Orc:2         IceCv (visited)

Altars:
Ashenzari
Cheibriados
Dithmenos
Elyvilon
Fedhas
Gozag
Hepliaklqana
Kikubaaqudgha
Makhleb
Nemelex Xobeh
Okawaru
Qazlal
Ru
Sif Muna
Trog
Uskayaw
Vehumet
Wu Jian
Xom
Yredelemnul
Zin
The Shining One
Beogh

Shops:
D:5 ((?*   D:9 !   D:11 [   Orc:2 *?(:

Annotations:
Lair:3 Rupert
Swamp:2 Roxanne
Swamp:3 exclusion: upstairs
Swamp:4 2 runed translucent doors, mrw3rdna's ghost, adept DsAK


Message History

You freeze the hornet.
The hornet is moderately wounded.
You slash the alligator! You freeze the alligator. The hornet stings you!!
You suddenly lose the ability to move!
The alligator bites you!!
The alligator tail-slaps you but does no damage.
A five-headed hydra comes into view.
The hornet stings you!
You are poisoned.
You feel yourself slow down. The swamp drake breathes poison at you.
The noxious blast engulfs the hornet but does no damage.
The alligator is engulfed in noxious fumes.
The alligator bites you! The alligator tail-slaps you!
The hornet is engulfed in noxious fumes.
The hornet appears confused.
The hornet stings you but does no damage.
You are engulfed in noxious fumes.
You feel sick.
The hornet is engulfed in noxious fumes.
The hornet appears confused.
The alligator is engulfed in noxious fumes.
The alligator bites you!!
* * * LOW HITPOINT WARNING * * *
The alligator tail-slaps you but does no damage.
You are engulfed in noxious fumes.
You feel yourself speed up.
You feel sick.
The hornet is engulfed in noxious fumes.
The hornet appears confused.
The alligator is engulfed in noxious fumes.
The alligator bites you!
* * * LOW HITPOINT WARNING * * *
The alligator tail-slaps you but does no damage.
The hornet is engulfed in noxious fumes.
The hornet stings you!
You die...

*≈,,,≈**,,,≈≈≈
**≈..,***≈≈≈≈,
*♣$..≈≈***,,,≈
♣♣♣♣♣.≈≈≈,≈****≈,≈
♣♣♣♣♣≈..≈.≈≈.,,,*****,
♣♣.§♣.≈≈≈≈?.≈♣,≈≈*≈****
♣♣.≈≈.°≈≈°°≈...,,,≈,≈* *
♣.≈≈≈.≈°t°≈≈...*********
♣.≈.§≈≈@y°k≈♣*** *≈
♣≈≈≈≈≈≈°°°..♣♣ **
♣.§≈≈≈§.....≈♣** *
♣.≈≈§≈≈≈≈.D≈≈.§♣ *
♣≈≈≈≈≈≈≈≈≈≈≈≈≈.♣♣ *
♣≈≈§≈≈≈≈≈≈≈≈≈≈≈.♣ ***
♣...≈≈≈≈.≈♣.≈≈≈≈***≈*
♣♣.§≈≈≈≈≈♣♣≈...♣**≈.$*
*♣..≈§≈≈≈≈≈§.§≈≈♣**≈≈.*


You could see an alligator (strong, swift), a five-headed hydra, a hornet
(strong, confused) and a swamp drake (catching breath).

Vanquished Creatures
  2 tentacled monstrosities
  Mlioglotl (Swamp:3)
  Kirke (Swamp:2)
  A thorn hunter (Swamp:2)
  A reaper (IceCv)
  3 eleionomae
  5 bunyips
  An ettin (Orc:2)
  A shambling mangrove (Swamp:2)
  3 boulder beetles
  12 hydras
  Fannar (D:10)
  A merfolk avatar (Lair:6)
  A catoblepas (Lair:6)
  A centaur warrior (D:9)
  4 ogre magi (Orc:2)
  5 alligators
  22 two-headed ogres
  4 death yaks (Lair:6)
  A tengu warrior (D:9)
  Urug (D:11)
  Nergalle (Orc:1)
  10 spriggans
  3 spriggan druids
  3 goliath frogs (Swamp:3)
  2 swamp dragons
  2 lindwurms
  A harpy (Lair:6)
  A deep elf pyromancer (D:9)
  2 orc knights
  3 ugly things
  3 manticores
  2 cyclopes
  3 will-o-the-wisps
  2 black mambas (Lair:6)
  Maurice (Orc:1)
  2 elephants
  A guardian serpent (Lair:2)
  2 ice statues (IceCv)
  Joseph (D:9)
  2 molten gargoyles (Lair:3)
  2 unseen horrors
  A torpor snail (Lair:4)
  9 cane toads
  6 rime drakes
  3 anaconda simulacra (IceCv)
  5 ice devils (IceCv)
  7 komodo dragons (Lair:6)
  An entropy weaver simulacrum (IceCv)
  2 freezing wraiths
  6 trolls
  7 polar bears
  A queen bee (Lair:2)
  2 bloated husks
  9 tyrant leeches
  10 hornets
  4 slime creatures (D:12)
  4 dream sheep (Lair:5)
  Grinder (D:3)
  15 blink frogs
  4 snapping turtles (Lair:6)
  Sigmund (D:3)
  2 shadows
  44 yaks
  6 basilisks
  3 hogs (Swamp:2)
  3 dire elephant simulacra (IceCv)
  A wraith (D:11)
  6 wyverns
  3 steam dragons
  A death yak simulacrum (IceCv)
  9 vampire mosquitoes
  3 harpy simulacra (IceCv)
  2 wargs (Orc:2)
  Menkaure (D:4)
  9 swamp worms
  An acid dragon (D:12)
  12 water moccasins
  Duvessa (D:4)
  15 orc warriors
  3 swamp drakes
  A hornet zombie (D:7)
  7 ice beasts (Lair:3)
  2 black bears
  A boggart (D:9)
  30 ogres
  13 wolves
  3 centaurs
  6 necrophages
  A phantom (D:6)
  Blork the orc (D:4)
  11 bullfrogs
  3 kobold brigands
  A scorpion (D:6)
  A wyvern zombie (D:8)
  A cane toad simulacrum (IceCv)
  2 gnoll sergeants
  A wyvern skeleton (D:6)
  Dowan (D:4)
  30 killer bees
  A wight (D:9)
  An electric eel (Lair:5)
  5 lava snakes (Lair:3)
  2 hounds
  A centaur skeleton (D:4)
  3 jellies
  16 orc priests
  A bullfrog skeleton (D:5)
  5 centaur zombies
  A gnoll shaman (D:4)
  2 iguanas (D:5)
  Ijyb (D:4)
  9 orc wizards
  6 hell rats (Lair:6)
  2 troll simulacra (IceCv)
  A killer bee zombie (D:7)
  A mummy (D:3)
  Robin (D:2)
  A howler monkey zombie (D:9)
  9 gnolls
  4 adders
  16 white imps
  An adder skeleton (D:4)
  A worm (D:4)
  4 dart slugs
  69 orcs
  9 ball pythons
  8 bats
  5 endoplasms
  4 giant cockroaches
  17 goblins
  7 hobgoblins
  18 kobolds
  7 quokkas
  A frilled lizard (D:2)
  9 rats
709 creatures vanquished.

Vanquished Creatures (others)
  A bloated husk (Swamp:3)
  A swamp worm (Swamp:1)
  21 foxfires
  41 fungi
  64 plants
128 creatures vanquished.

Grand Total: 837 creatures vanquished

Notes
Turn   | Place    | Note
-------+----------+-------------------------------------------
     0 | D:1      | fictitious the Hill Orc Fighter began the quest for the
                  | Orb.
     0 | D:1      | Reached XP level 1. HP: 19/19 MP: 1/1
   185 | D:1      | Reached skill level 3 in Axes
   373 | D:1      | Reached XP level 2. HP: 26/26 MP: 2/2
   447 | D:1      | Reached skill level 4 in Axes
   695 | D:1      | Reached XP level 3. HP: 21/31 MP: 3/3
  1276 | D:2      | Reached skill level 5 in Axes
  1677 | D:2      | Reached XP level 4. HP: 39/39 MP: 4/4
  1716 | D:2      | Reached skill level 6 in Axes
  1730 | D:2      | Noticed Robin
  2181 | D:2      | Killed Robin
  2589 | D:2      | Found a faded altar of an unknown god.
  2654 | D:3      | Noticed Grinder
  2711 | D:3      | Noticed an ogre
  2946 | D:3      | Noticed Sigmund
  2979 | D:3      | Found a snail-covered altar of Cheibriados.
  2992 | D:3      | Reached XP level 5. HP: 45/45 MP: 5/5
  3118 | D:4      | Noticed Blork the orc
  3126 | D:4      | Reached skill level 7 in Axes
  3129 | D:4      | Killed Blork the orc
  3130 | D:4      | Reached skill level 8 in Axes
  3130 | D:4      | Reached XP level 6. HP: 13/51 MP: 6/6
  3642 | D:4      | Noticed Menkaure
  3660 | D:4      | Killed Menkaure
  3661 | D:4      | Reached skill level 9 in Axes
  3661 | D:4      | Reached XP level 7. HP: 24/57 MP: 7/7
  3860 | D:4      | Reached skill level 10 in Axes
  4266 | D:4      | Noticed Duvessa
  4277 | D:5      | Entered Level 5 of the Dungeon
  4634 | D:5      | Found Hivar's Weapon Emporium.
  4702 | D:5      | Found a burning altar of Makhleb.
  4703 | D:5      | Noticed an Executioner
  4707 | D:5      | Noticed a smoke demon
  4707 | D:5      | Noticed a smoke demon
  4810 | D:5      | Found Gustroxo's Magic Scroll Emporium.
  4815 | D:5      | Bought a scroll of fog for 28 gold pieces
  4815 | D:5      | Bought a scroll of blinking for 105 gold pieces
  4815 | D:5      | Bought a scroll of identify for 28 gold pieces
  4815 | D:5      | Bought a scroll of teleportation for 42 gold pieces
  5107 | D:4      | Reached XP level 8. HP: 48/64 MP: 8/8
  5252 | D:5      | Found Fodac's Assorted Antiques.
  5260 | D:5      | Bought a scroll labelled SEXI COGGAKI for 24 gold pieces
  5295 | D:4      | Reached skill level 11 in Axes
  5313 | D:4      | Noticed Ijyb
  5520 | D:5      | Found Puavuti's Antique Weapon Emporium.
  6273 | D:6      | Reached skill level 5 in Armour
  6273 | D:6      | Reached skill level 5 in Shields
  6276 | D:6      | Reached skill level 12 in Axes
  6655 | D:5      | Bought a smoking war axe for 195 gold pieces
  6655 | D:5      | Identified the +8 war axe of Kindness {freeze, rC+} (You
                  | bought it in a shop on level 5 of the Dungeon)
  6806 | D:6      | Found a staircase to the Ecumenical Temple.
  6813 | Temple   | Entered the Ecumenical Temple
  6822 | Temple   | Became a worshipper of Warmaster Okawaru
  7032 | D:7      | Reached XP level 9. HP: 71/71 MP: 9/9
  7277 | D:7      | Reached * piety under Okawaru
  7364 | D:7      | Reached skill level 5 in Fighting
  7364 | D:7      | Reached skill level 13 in Axes
  7364 | D:7      | Reached skill level 1 in Invocations
  7487 | D:7      | Found a sacrificial altar of Ru.
  7818 | D:4      | Noticed Dowan
  7828 | D:4      | Killed Dowan
  7831 | D:4      | Killed Duvessa
  8079 | D:4      | Killed Ijyb
  8367 | D:8      | Noticed a two-headed ogre
  8680 | D:7      | Reached ** piety under Okawaru
  8945 | D:5      | Bought a coiled granite ring for 120 gold pieces
  8945 | D:5      | Identified the ring of Niemaeden {*Slow rF+ rC+ Int+2
                  | Dex+6} (You bought it in a shop on level 5 of the Dungeon)
  9130 | D:9      | Found a hazy altar of Hepliaklqana.
  9214 | D:9      | Found a staircase to the Lair.
  9298 | D:9      | Noticed Joseph
  9324 | D:9      | Killed Joseph
  9325 | D:9      | Reached skill level 5 in Invocations
  9420 | D:9      | Reached skill level 14 in Axes
  9420 | D:9      | Reached XP level 10. HP: 79/83 MP: 12/14
  9437 | D:9      | Noticed a two-headed ogre
  9450 | D:9      | Killed a two-headed ogre
  9598 | D:9      | Noticed a two-headed ogre
  9600 | D:9      | Found Waxeopp's Distillery.
  9700 | Lair:1   | Entered Level 1 of the Lair of Beasts
  9705 | Lair:1   | Reached skill level 15 in Axes
  9733 | Lair:1   | Noticed a cane toad
  9742 | Lair:1   | Killed a cane toad
  9934 | Lair:1   | Found the +8 trident of the Octopus King {venom, rElec
                  | rPois}
  9971 | Lair:1   | Noticed a cane toad
  9981 | Lair:1   | Killed a cane toad
  9981 | Lair:1   | Reached *** piety under Okawaru
  9981 | Lair:1   | Noticed a six-headed hydra
  9993 | Lair:1   | Killed a six-headed hydra
  9994 | Lair:1   | Reached skill level 16 in Axes
 10558 | Lair:1   | Reached **** piety under Okawaru
 10781 | Lair:2   | Reached XP level 11. HP: 78/89 MP: 15/15
 10978 | Lair:2   | Reached skill level 5 in Dodging
 11250 | Lair:2   | Reached ***** piety under Okawaru
 11443 | Lair:2   | Received a gift from Okawaru
 11611 | Lair:2   | Found a staircase to the Swamp.
 11773 | Lair:2   | Found a staircase to the Snake Pit.
 12160 | D:9      | Killed a two-headed ogre
 12209 | D:9      | Identified the +8 falchion "Xami" {freeze, rElec Str+5}
 12214 | D:9      | Bought a potion of might for 56 gold pieces
 12214 | D:9      | Bought a potion of haste for 140 gold pieces
 12214 | D:9      | Bought a potion of cancellation for 112 gold pieces
 12303 | D:9      | Noticed a tengu warrior
 12311 | D:9      | Killed a tengu warrior
 12329 | D:9      | Noticed a centaur warrior
 12337 | D:9      | Killed a centaur warrior
 12402 | D:9      | Noticed a cyan ugly thing
 12414 | D:9      | Killed a cyan ugly thing
 12478 | D:9      | Reached skill level 10 in Invocations
 12533 | D:9      | Reached XP level 12. HP: 100/100 MP: 17/19
 12621 | D:9      | Noticed a two-headed ogre
 12648 | D:9      | Killed a two-headed ogre
 12950 | D:5      | Bought a scroll of identify for 28 gold pieces
 12950 | D:5      | Bought a scroll of identify for 28 gold pieces
 12950 | D:5      | Bought a scroll of identify for 28 gold pieces
 13010 | D:3      | Paralysed by Grinder for 3 turns
 13022 | D:3      | Killed Grinder
 13130 | D:3      | Killed Sigmund
 13746 | D:8      | Killed a two-headed ogre
 14334 | Lair:3   | Identified the +0 ring mail of the Nexus {god gift, *Slow
                  | rElec Stlth+} (Okawaru gifted it to you on level 3 of the
                  | Lair of Beasts)
 14334 | Lair:3   | Received a gift from Okawaru
 14460 | Lair:3   | Reached skill level 10 in Fighting
 14462 | Lair:3   | Reached skill level 17 in Axes
 14469 | Lair:3   | Noticed a four-headed hydra
 14478 | Lair:3   | Killed a four-headed hydra
 14614 | Lair:3   | Noticed Rupert
 14643 | Lair:3   | Reached XP level 13. HP: 106/114 MP: 21/21
 16253 | Lair:5   | Found a frozen archway.
 16270 | Lair:5   | Identified the +7 executioner's axe "Cetecre" {god gift,
                  | speed, +Blink Int+3} (Okawaru gifted it to you on level 5
                  | of the Lair of Beasts)
 16270 | Lair:5   | Received a gift from Okawaru
 16501 | IceCv    | Entered an ice cave
 17559 | IceCv    | Noticed a reaper
 17574 | IceCv    | Killed a reaper
 17574 | IceCv    | Received a gift from Okawaru
 18401 | Lair:5   | Reached skill level 18 in Axes
 18807 | Lair:6   | Entered Level 6 of the Lair of Beasts
 18938 | Lair:6   | Reached skill level 10 in Armour
 18938 | Lair:6   | Reached XP level 14. HP: 118/126 MP: 20/23
 19056 | Lair:6   | Identified the +8 plate armour "Joczag" {god gift, Str+5}
                  | (Okawaru gifted it to you on level 6 of the Lair of Beasts)
 19056 | Lair:6   | Received a gift from Okawaru
 19581 | Lair:6   | Found a staircase to the Slime Pits.
 19875 | Lair:6   | Identified the +2 dagger "Uni Civ" {elec, rElec Int+3}
 20027 | Lair:6   | Reached skill level 15 in Invocations
 20027 | Lair:6   | Reached skill level 1 in Evocations
 20039 | Lair:6   | Reached skill level 1 in Throwing
 20895 | D:9      | Bought a potion of berserk rage for 70 gold pieces
 20895 | D:9      | Bought 2 potions of might for 112 gold pieces
 20895 | D:9      | Bought a potion of curing for 42 gold pieces
 20928 | D:10     | Entered Level 10 of the Dungeon
 20975 | D:10     | Noticed Fannar
 20993 | D:10     | Killed Fannar
 21010 | D:10     | Reached ****** piety under Okawaru
 21408 | D:10     | Found an ancient bone altar of Kikubaaqudgha.
 21906 | D:11     | Noticed Urug
 21925 | D:11     | Killed Urug
 21933 | D:11     | Received a gift from Okawaru
 22265 | D:11     | Found a roughly hewn altar of Beogh.
 22265 | D:11     | Found a staircase to the Orcish Mines.
 22722 | D:11     | Found Pur Fyg's Antique Armour Shop.
 22730 | D:11     | Bought a pair of boots for 112 gold pieces
 22995 | D:12     | Reached XP level 15. HP: 132/132 MP: 26/26
 23754 | Orc:1    | Entered Level 1 of the Orcish Mines
 23847 | Orc:1    | Noticed Nergalle
 23858 | Orc:1    | Killed Nergalle
 23954 | Orc:1    | Noticed Maurice
 23965 | Orc:1    | Killed Maurice
 24102 | Orc:1    | Found a roughly hewn altar of Beogh.
 24556 | Orc:2    | Entered Level 2 of the Orcish Mines
 24704 | Orc:2    | Found a roughly hewn altar of Beogh.
 24860 | Orc:2    | Received a gift from Okawaru
 24863 | Orc:2    | Reached skill level 5 in Evocations
 24874 | Orc:2    | Reached skill level 5 in Throwing
 24888 | Orc:2    | Received a gift from Okawaru
 25338 | Orc:2    | Found Saoscha's Assorted Antiques.
 25338 | Orc:2    | Found Vizet's Weapon Shop.
 25339 | Orc:2    | Found Juar's Magic Scroll Shop.
 25339 | Orc:2    | Found Imyn's Book Shoppe.
 25481 | Orc:2    | Found a staircase to the Elven Halls.
 25837 | Orc:2    | Bought a scroll of silence for 105 gold pieces
 25837 | Orc:2    | Bought a scroll of magic mapping for 49 gold pieces
 25839 | Orc:2    | Bought 2 throwing nets for 96 gold pieces
 25967 | Swamp:1  | Entered Level 1 of the Swamp
 26344 | Swamp:1  | Noticed a tentacled monstrosity
 26380 | Lair:2   | Killed a tentacled monstrosity
 26839 | Swamp:1  | Received a gift from Okawaru
 27002 | Swamp:2  | Noticed a tentacled monstrosity
 27019 | Swamp:2  | Killed a tentacled monstrosity
 27148 | Swamp:2  | Identified Roxanne's Compendium of Transmigration
 27148 | Swamp:2  | Noticed Roxanne
 27278 | Swamp:2  | Noticed Kirke
 27297 | Swamp:2  | Killed Kirke
 27298 | Swamp:2  | Reached XP level 16. HP: 139/139 MP: 26/28
 27731 | Swamp:2  | Noticed a thorn hunter
 27741 | Swamp:2  | Killed a thorn hunter
 28307 | Swamp:3  | Received a gift from Okawaru
 28577 | Swamp:3  | Received a gift from Okawaru
 29025 | Swamp:3  | Noticed Mlioglotl
 29040 | Swamp:3  | Killed Mlioglotl
 29347 | Swamp:4  | Entered Level 4 of the Swamp
 29753 | Swamp:4  | Found a large runed translucent door.
 29754 | Swamp:4  | Found a large runed translucent door.
 29755 | Swamp:4  | Noticed mrw3rdna's ghost (adept DsAK)
 29915 | Swamp:4  | Paralysed by a hornet for 3 turns
 29918 | Swamp:4  | Mangled by a hornet

Illustrated notes

Levels and vault maps discovered:
D:1:      dpeg_arrival_water_fire, layout_loops_corners
D:2:      minmay_chambers_of_ones, layout_rooms,
          dreamdust_ecumenical_altar_hidden_monk_grotto, uniq_robin
D:3:      layout_loops_corners, slow_altar_2, uniq_grinder, uniq_sigmund
D:4:      layout_cave_pools, uniq_duvessa, uniq_menkaure, uniq_blork_the_orc,
          uniq_ijyb
D:5:      layout_gridville, makhleb_altar_promises_db, serial_shops, shop_coins,
          shop, shop, shop
D:6:      layout_basic, minmay_temple_entry_trees
D:7:      layout_gridville, mainiacjoe_overflow_brackets
D:8:      layout_rooms
D:9:      minmay_the_grid_octo_tiled_squarecenter
          [minmay_the_grid_octo_checkered, minmay_the_grid_octo_clover,
          minmay_the_grid_octo_tetromino_candy, minmay_the_grid_octo_77,
          minmay_the_grid_square_5x5_megaprize_crossed,
          minmay_the_grid_square_5x5_checkered,
          minmay_the_grid_square_5x5_checkered_statues,
          minmay_the_grid_square_5x5_trominoes,
          minmay_the_grid_square_5x5_mess], layout_cave_pools, serial_shops,
          nicolae_shop_waterfront, minivault_16, kennysheep_flooded_box,
          uniq_joseph
D:10:     layout_cave_pools, mainiacjoe_overflow_alcove_4, special_room
          [special_room_orc], uniq_fannar
D:11:     layout_gridville, david_orc_5, serial_shops, shop, uniq_urug
D:12:     layout_stronghold
Temple:   nicolae_temple_no_exploring_needed
Lair:1:   layout_hall_layers
Lair:2:   layout_roguey, minmay_swamp_entry_worms,
          minmay_snake_entry_spellcaster, special_room [special_room_bee],
          roderic_carrion_pond, grunt_megastairs_3, lemuel_fruit_tree
Lair:3:   cheibrodos_magma_flow, layout_cave_shapes, ice2_lemuel,
          lemuel_fruit_fields, uniq_rupert
Lair:4:   nzn_winding_woodlands_cross [nzn_winding_woodlands_5x15_longhouse,
          nzn_winding_woodlands_5x15_parted,
          nzn_winding_woodlands_5x15_pathside_ponds,
          nzn_winding_woodlands_5x15_default,
          nzn_winding_woodlands_15x15_eel_pit], layout_regular_city
Lair:5:   layout_cave_shapes, portal_ice_cave_entry_imps, minivault_23,
          nicolae_quartered_pool_little
Lair:6:   gammafunk_lair_ancient_temple, layout_regular_city,
          nicolae_slime_entry_slimehenge, st_stairs_7
Swamp:1:  layout_falls_marsh, evilmike_swamp_ruin_house_2
Swamp:2:  nicolae_swamp_tree_isthmus, layout_basic_swamp,
          hangedman_swamp_blocks, uniq_roxanne, uniq_kirke
Swamp:3:  layout_falls_marsh, evilmike_swamp_ruin_house_1, swamp_pool4,
          uniq_mlioglotl
Swamp:4:  swamp_basic_johnstein, layout_basic_swamp,
          ebering_ghost_disaster_area, infiniplex_staircase_pool_2
Orc:1:    layout_caves, minmay_orc_temple_b, uniq_nergalle, uniq_maurice
Orc:2:    st_orc_ogre_mass, layout_caves, basic_altar

Skill      XL: |  1  2  3  4  5  6  7  8  9 10 11 12 13 14 15 16 |
---------------+-------------------------------------------------+-----
Axes           | 3 4 5 6 8 9 10 12 14 16 17 18 | 18.0
Armour         | 4 5 6 8 10 12 | 12.0
Shields        | 4 5 6 8 9 |  9.1
Fighting       | 4 6 7 10 12 13 | 13.0
Invocations    | 5 6 10 11 13 15 16 | 16.0
Dodging        | 4 6 7 |  7.7
Evocations     | 3 8 9 |  9.6
Throwing       | 3 8 |  8.8

Action                   |  1- 3 |  4- 6 |  7- 9 | 10-12 | 13-15 | 16-18 || total
-------------------------+-------+-------+-------+-------+-------+-------++-------
Melee: Hand axe          |    76 |    11 |       |       |       |       ||    87
       War axe           |     3 |    65 |   219 |   388 |  1097 |   195 ||  1967
       Punch             |     2 |       |       |       |       |       ||     2
       Trident           |       |       |       |    21 |    25 |    62 ||   108
       Unarmed           |       |       |       |     7 |       |       ||     7
 Fire: Hunting sling     |     5 |    53 |    23 |    31 |    16 |       ||   128
Throw: Dart              |    20 |       |    39 |    20 |    39 |       ||   118
       Stone             |    12 |       |       |       |       |       ||    12
       Boomerang         |       |       |       |       |     6 |    38 ||    44
Invok: Heroism           |       |       |       |    15 |    15 |     3 ||    33
       Finesse           |       |       |       |     2 |     3 |     2 ||     7
Evoke: Wand              |       |       |       |     3 |     3 |       ||     6
       Condenser vane    |       |       |       |     1 |     1 |       ||     2
  Use: Potion            |       |     1 |       |     1 |     4 |       ||     6
       Scroll            |       |       |     7 |    11 |     5 |     1 ||    24
Armor: Scale mail        |    48 |       |       |       |       |       ||    48
       Chain mail        |       |    42 |   100 |   105 |     9 |       ||   256
       Plate armour      |       |       |       |    71 |   480 |   185 ||   736
       Skin              |       |       |       |     1 |       |       ||     1
Dodge: Dodged            |    37 |    28 |    58 |   133 |   294 |   116 ||   666
Block: Buckler           |       |       |    41 |    97 |   197 |    67 ||   402
